 Dungeon Crawl Stone Soup version 0.27.0-1-g7a089689b8 (webtiles) character file.

Game seed: 5945970909485528133

29134 GnoME the Fighter (level 13, -6/88 HPs)
             Began as a Gargoyle Fighter on Aug 1, 2021.
             Was the Champion of Okawaru.
             Killed by divine providence
             ... invoked by a smoke demon
              (14 damage)
             ... on level 2 of the Abyss.
             The game lasted 01:10:08 (19339 turns).

GnoME the Fighter (Gargoyle Fighter)               Turns: 19339, Time: 01:10:09

Health: -6/88      AC: 44    Str: 28    XL:     13   Next: 43%
Magic:  37/37      EV:  8    Int:  6    God:    Okawaru [******]
Gold:   236        SH: 22    Dex: 11    Spells: 12/12 levels left

rFire    . . .     SeeInvis .   a - +5 broad axe
rCold    . . .     Faith    .   N - +1 tower shield {AC+3}
rNeg     + . .     Spirit   .   O - +7 plate armour of Wakebb {Dex+2}
rPois    ∞         Reflect  .   L - +0 helmet
rElec    +         Harm     .   R - +1 cloak of Sloth {rPois Str+4}
rCorr    .         Rampage  .   k - +0 pair of gloves
Will     .....     Rnd*Rage +   y - +0 pair of boots
Stlth    ..........             z - amulet of magic regeneration
HPRegen  0.00/turn              d - ring of magical power
MPRegen  0.50/turn              r - ring of magical power

@: on fire, heroic, very slightly contaminated, inhibited regen, glowing
A: sickness immunity, AC +9, negative energy resistance 1, electricity
resistance, torment resistance 1, petrification resistance, [berserk 2], [dopey
2], [inhibited regeneration]
a: Renounce Religion, Heroism, Finesse


You were on level 2 of the Abyss.
You worshipped Okawaru.
Okawaru was exalted by your worship.
You visited 1 branch of the dungeon, and saw 14 of its levels.
You visited the Abyss 1 time.
You visited 1 bazaar.

You collected 1415 gold pieces.
You spent 1179 gold pieces at shops.

Inventory:

Hand Weapons
 a - a +5 broad axe (weapon)
   (You took it off Urug on level 10 of the Dungeon)
 b - a +0 hunting sling
   (You found it on level 2 of the Dungeon)
 D - the +6 longbow of Conformity {vorpal, rElec rN+ Str-2}
   (Okawaru gifted it to you on level 12 of the Dungeon)

   Any ammunition fired from it inflicts extra damage upon your enemies.
   Str:       It affects your strength (-2).
   rElec:     It insulates you from electricity.
   rN:        It protects you from negative energy.
 F - a +1 longbow of freezing
   (Okawaru gifted it to you on level 13 of the Dungeon)
Missiles
 p - 36 sling bullets
 v - 83 poisoned darts (quivered)
Armour
 k - a +0 pair of gloves (worn)
   (You found it on level 11 of the Dungeon)
 x - a scarf of resistance
   (You found it on level 5 of the Dungeon)
 y - a +0 pair of boots (worn)
   (You found it on level 5 of the Dungeon)
 E - the +4 plate armour "Uwnocagh" {rF+ rC+ Int+4 Dex-4}
   (You found it on level 12 of the Dungeon)

   Int:       It affects your intelligence (+4).
   Dex:       It affects your dexterity (-4).
   rF:        It protects you from fire.
   rC:        It protects you from cold.
 L - a +0 helmet (worn)
   (You found it on level 10 of the Dungeon)
 N - a +1 tower shield of protection (worn)
   (You bought it in a shop in a bazaar)
 O - the +7 plate armour of Wakebb (worn) {Dex+2}
   (You bought it in a shop in a bazaar)

   Dex:       It affects your dexterity (+2).
 R - the +1 cloak of Sloth (worn) {rPois Str+4}
   (Okawaru gifted it to you on level 14 of the Dungeon)

   Str:       It affects your strength (+4).
   rPois:     It protects you from poison.
Jewellery
 d - a ring of magical power (left hand)
   (You found it on level 8 of the Dungeon)
 r - a ring of magical power (right hand)
   (You found it on level 9 of the Dungeon)
 z - an amulet of magic regeneration (around neck)
   (You found it on level 5 of the Dungeon)
Wands
 f - a wand of iceblast (17)
   (You found it on level 11 of the Dungeon)
 C - a wand of charming (10)
   (You found it on level 6 of the Dungeon)
 M - a wand of digging (6)
   (You found it on level 13 of the Dungeon)
 Q - a wand of flame (10)
   (You found it on level 13 of the Dungeon)
 S - a wand of mindburst (19)
   (You found it on level 14 of the Dungeon)
Scrolls
 c - 6 scrolls of amnesia
 i - 2 scrolls of fear
 j - 3 scrolls of fog
 m - a scroll of holy word
 n - 4 scrolls of teleportation
 o - 3 scrolls of enchant armour {unknown}
 s - 3 scrolls of magic mapping
 w - 4 scrolls of blinking
 J - a scroll of noise {unknown}
 P - 2 scrolls of vulnerability {unknown}
Potions
 e - 6 potions of curing
 g - a potion of resistance
 h - 3 potions of mutation
 l - 3 potions of ambrosia
 q - 2 potions of might
 t - 2 potions of degeneration {unknown}
 u - 3 potions of lignification {unknown}
 A - 2 potions of invisibility {unknown}
 B - 2 potions of heal wounds
 G - a potion of haste {unknown}
 H - a potion of brilliance {unknown}
 I - a potion of flight {unknown}
 K - 2 potions of attraction {unknown}


   Skills:
 * Level 13.4(18.4) Fighting
 * Level 11.3(16.3) Axes
 + Level 10.1(15.1) Armour
 + Level 10.1(15.1) Shields
 + Level 8.4 Invocations


You had 12 spell levels left.
You didn't know any spells.
Your spell library contained the following spells:

 Spells                   Type           Power      Damage    Failure   Level
 Beastly Appendage        Tmut           0%         N/A       100%        1
 Foxfire                  Conj/Fire      0%         2x1d4     100%        1
 Static Discharge         Conj/Air       0%         N/A       100%        2
 Wereblood                Tmut           0%         N/A       100%        2
 Conjure Flame            Conj/Fire      0%         6-21      100%        3
 Ignite Poison            Fire/Tmut/Pois 0%         N/A       100%        3
 Inner Flame              Hex/Fire       0%         N/A       100%        3
 Mephitic Cloud           Conj/Pois/Air  0%         N/A       100%        3
 Spider Form              Tmut/Pois      0%         N/A       100%        3
 Dispel Undead            Necr           0%         3d6       100%        4
 Sticky Flame             Conj/Fire      0%         2d3       100%        4
 Summon Ice Beast         Ice/Summ       0%         N/A       100%        4
 Bolt of Magma            Conj/Fire/Erth 0%         4d4       100%        5
 Fireball                 Conj/Fire      0%         3d3       100%        5
 Summon Mana Viper        Hex/Summ       0%         N/A       100%        5
 Conjure Ball Lightning   Conj/Air       0%         3x3d6     100%        6
 Starburst                Conj/Fire      0%         8x6d3     100%        6
 Monstrous Menagerie      Summ           0%         N/A       100%        7
 Discord                  Hex            0%         N/A       100%        8
 Disjunction              Tloc           0%         N/A       100%        8
 Ignition                 Fire           0%         3d3       100%        8
 Chain Lightning          Conj/Air       0%         N/A       100%        9
 Fire Storm               Conj/Fire      0%         5d1       100%        9


Dungeon Overview and Level Annotations

Branches:
Dungeon (14/15)            Temple (0/1) D:7            Lair (0/6) D:10
    Orc (0/2) D:12
 Vaults: D:13-14

Altars:
Ashenzari
Cheibriados
Fedhas
Hepliaklqana
Nemelex Xobeh
Okawaru
Ru
Wu Jian
Xom

Shops:
D:2 :   D:9 (

Annotations:
D:12 Jorgrun
D:14 Qymaymp's ghost, adept GrEE


Innate Abilities, Weirdness & Mutations

You are immune to sickness and miasma.
Your stone body is resilient. (AC +9)
You are immune to poison.
You resist negative energy. (rN+)
You are resistant to electric shocks. (rElec)
You are resistant to unholy torment.
You are immune to petrification.
[You often lose your temper in combat.]
[You are very dopey. (Int -4)]
[You do not regenerate when monsters are visible.]


Message History

The ufetubus hits you but does no damage.
Your shield and plate armour of Wakebb prevent you from hitting the ufetubus.
The ufetubus is lightly wounded.
You block the ufetubus's attack. x2
The ufetubus hits you but does no damage. x2
You slice the ufetubus!!
You kill the ufetubus!
Okawaru accepts your kill. The smoke demon gestures at you.
The sticky flame hits you but does no damage.
You are covered in liquid flames!
You slash the smoke demon!
The smoke demon is moderately wounded.
You barely miss the chaos spawn.
You are covered in liquid flames!
The chaos spawn hits you but does no damage.
You block the smoke demon's attack.
The smoke demon hits you but does no damage.
You block the smoke demon's attack.
You take 7 damage, and have 37/88 hp.
You slice the smoke demon!!
The smoke demon is almost dead.
You hit the chaos spawn but do no damage.
You are covered in liquid flames!
You are no longer on fire.
You block the chaos spawn's attack. The smoke demon gestures at you.
The ball of steam hits you but does no damage.
The chaos spawn gores you but does no damage.
You take 4 damage, and have 33/88 hp.
You hit the smoke demon.
You kill the smoke demon!
Okawaru accepts your kill.
You closely miss the chaos spawn.
You are engulfed in a cloud of scalding steam.
You block the chaos spawn's attack.
You take 4 damage, and have 29/88 hp.
You miss the chaos spawn.
You are engulfed in a cloud of scalding steam.
The chaos spawn is engulfed in a cloud of scalding steam.
You block the chaos spawn's attack.
You closely miss the chaos spawn.
The chaos spawn is lightly wounded.
You are engulfed in a cloud of scalding steam.
The chaos spawn is engulfed in a cloud of scalding steam.
The chaos spawn gores you!
* * * LOW HITPOINT WARNING * * *
You fade into invisibility!
You are very lightly contaminated with residual magic.
The chaos spawn is engulfed in a cloud of scalding steam.
You block the chaos spawn's attack.
You take 9 damage, and have 21/88 hp.
You barely miss the chaos spawn.
The chaos spawn is moderately wounded.
You block the chaos spawn's attack.
You hit the chaos spawn.
The chaos spawn is moderately wounded.
The chaos spawn hits you.
* * * LOW HITPOINT WARNING * * *
Space bends around you.
* * * LOW HITPOINT WARNING * * *
You take 6 damage, and have 15/88 hp.
You slash the chaos spawn!
The chaos spawn is severely wounded.
The chaos spawn gores you but does no damage. x2
You slash the chaos spawn!
You kill the chaos spawn!
Okawaru accepts your kill.
The chaos spawn degenerates into a cloud of primal chaos!
Unknown command.
You start resting.
You flicker for a moment.
You regained 2 hp, and now have 17/88 hp.
There is an open door here.
You flicker back into view.
A thrashing horror comes into view.
There is a gateway leading deeper into the Abyss here.
There is an open door here.
Okay, then.
Okay, then.
A smoke demon comes into view.
The smoke demon roars!
A wretched star comes into view.
A smoke demon is nearby!
The smoke demon gestures at you. You block the sticky flame.
The wretched star pulses with an eldritch light!
You feel stupid. x2
You are too injured to fight recklessly!
You block the smoke demon's attack. x3
Unknown command.
You gain the combat prowess of a mighty hero.
You block the smoke demon's attack.
The smoke demon hits you but does no damage. x2
The wretched star glows turbulently.
The lance of force hits you!
* * * LOW HITPOINT WARNING * * *
You are knocked back by the lance of force.
You slam into the crystal wall!
* * * LOW HITPOINT WARNING * * *
You take 21 damage, and have 1/88 hp.
MASSIVE DAMAGE!!
You now have 35/37 mp.
You block the smoke demon's attack. x3
The wretched star pulses with an eldritch light!
You feel a little pissed off.
You feel angry.
Your regeneration stops near monsters.
Unknown command.
You feel much better. You block the smoke demon's attack.
The smoke demon hits you but does no damage.
You block the smoke demon's attack.
You regained 19 hp, and now have 20/88 hp.
You barely miss the smoke demon. You closely miss the wretched star.
You block the smoke demon's attack. x2
The smoke demon hits you but does no damage.
MP restored: 37 Unknown command.
You slash the smoke demon!
The smoke demon is moderately wounded.
You slash the wretched star! You block the smoke demon's attack. x2
The smoke demon hits you but does no damage.
You hit the smoke demon.
The smoke demon is heavily wounded.
You hit the wretched star.
The smoke demon hits you but does no damage.
You block the smoke demon's attack. x2
The wretched star glows turbulently.
The lance of force misses you.
You hit the smoke demon but do no damage.
The smoke demon is heavily wounded.
You slash the wretched star! The smoke demon gestures at you.
The sticky flame hits you but does no damage.
You are covered in liquid flames!
The wretched star glows turbulently.
The lance of force hits you but does no damage.
You hit the smoke demon.
The smoke demon is heavily wounded.
You slash the wretched star!
You are covered in liquid flames!
* * * LOW HITPOINT WARNING * * *
You block the smoke demon's attack. x2
The smoke demon hits you but does no damage.
You take 5 damage, and have 15/88 hp.
You slash the smoke demon!
The smoke demon is almost dead.
You hit the wretched star.
You are covered in liquid flames!
* * * LOW HITPOINT WARNING * * *
The smoke demon gestures at you. Something smites you!
You die...

#. #.# .#...##
...#.#.## #
#...
#.......## #.#
# .
....#...###
##. # #..3.#.#
#... ##*@.# #.
... #....##. #
# #...##..###.
## .
###....##.###.
# # #
#'.#...##.# .#
#.#.'#..##.##
# .
#.'#...##.#...
...'#>#'#'
#..#. .. .
'.''.#'.#
#...# #


You could see a wretched star and a smoke demon.

Vanquished Creatures
  A lorocyproca (Abyss:2)
  Josephine (D:12)
  An ogre mage (D:13)
  6 two-headed ogres
  3 centaur warriors
  A death yak (D:10)
  Urug (D:10)
  2 swamp dragons (D:13)
  4 deep elf pyromancers
  2 manticores
  An ugly thing (D:11)
  5 cyclopes
  A smoke demon (Abyss:2)
  A gargoyle (D:13)
  2 unseen horrors
  A kobold demonologist (D:13)
  2 ancient zymes (Abyss:2)
  A hornet (D:9)
  2 trolls
  6 wraiths
  3 shadows
  9 yaks
  A wyvern (D:9)
  A chaos spawn (Abyss:2)
  Grum (D:11)
  12 vampire mosquitoes
  Menkaure (D:7)
  2 small abominations (Abyss:2)
  A large abomination (Abyss:2)
  3 black bears
  4 orc warriors
  3 sky beasts (D:7)
  4 ogres
  2 wolves (D:11)
  A necrophage (D:7)
  13 centaurs
  A phantom (D:12)
  4 kobold brigands
  3 bullfrogs
  4 scorpions
  A gnoll sergeant (D:8)
  A wyvern zombie (D:7)
  2 water moccasin zombies
  A wyvern skeleton (D:6)
  A troll zombie (D:12)
  8 killer bees
  5 howler monkeys
  An electric eel (D:9)
  A bullfrog zombie (D:5)
  9 centaur zombies
  3 hounds
  A jelly (D:7)
  2 gnoll shamans
  6 orc priests
  A bullfrog skeleton (D:5)
  An iron imp (D:10)
  6 iguanas
  5 orc wizards
  2 hell rats
  5 ogre zombies (D:12)
  A howler monkey skeleton (D:6)
  7 gnolls
  2 adders
  A shadow imp (D:7)
  A white imp (D:8)
  An ufetubus (Abyss:2)
  3 worms (D:2)
  2 dart slugs
  25 orcs
  6 ball pythons
  4 bats
  8 endoplasms
  2 giant cockroaches
  7 goblins
  8 hobgoblins
  6 jackals
  26 kobolds
  3 quokkas
  3 frilled lizards
  2 goblin skeletons (D:12)
  2 goblin zombies (D:12)
  3 orc skeletons (D:12)
  12 orc zombies (D:12)
  10 rats
324 creatures vanquished.

Vanquished Creatures (collateral kills)
  An orc wizard (D:8)
1 creature vanquished.

Vanquished Creatures (others)
  Maurice (D:11)
  4 plants
5 creatures vanquished.

Grand Total: 330 creatures vanquished

Notes
Turn   | Place    | Note
-------+----------+-------------------------------------------
     0 | D:1      | GnoME the Gargoyle Fighter began the quest for the Orb.
     0 | D:1      | Reached XP level 1. HP: 14/14 MP: 1/1
   204 | D:1      | Reached XP level 2. HP: 18/19 MP: 2/2
   754 | D:1      | Found a faded altar of an unknown god.
   826 | D:1      | Reached XP level 3. HP: 24/24 MP: 3/3
  1707 | D:1      | Reached skill level 4 in Fighting
  1707 | D:1      | Reached XP level 4. HP: 11/29 MP: 4/4
  2102 | D:2      | Found Osythre Zaca's Book Shop.
  2429 | D:2      | Found a shimmering altar of Xom.
  2661 | D:3      | Reached XP level 5. HP: 25/34 MP: 5/5
  2839 | D:3      | Noticed an ogre
  3392 | D:3      | Found a broken altar of Ashenzari.
  4163 | D:4      | Reached XP level 6. HP: 28/40 MP: 6/6
  4383 | D:4      | Reached skill level 5 in Fighting
  4642 | D:4      | Found an iron altar of Okawaru.
  4692 | D:4      | Became a worshipper of Warmaster Okawaru
  5172 | D:4      | Found an ornate altar of the Wu Jian Council.
  5173 | D:4      | Found a hazy altar of Hepliaklqana.
  5285 | D:5      | Entered Level 5 of the Dungeon
  5413 | D:5      | Noticed a black bear
  5420 | D:5      | Killed a black bear
  5421 | D:5      | Reached XP level 7. HP: 32/44 MP: 7/7
  5535 | D:5      | Reached * piety under Okawaru
  5722 | D:5      | Reached skill level 6 in Fighting
  6191 | D:5      | Found a sparkling altar of Nemelex Xobeh.
  6221 | D:5      | Noticed a troll
  6255 | D:4      | Reached skill level 5 in Armour
  6255 | D:4      | Reached skill level 5 in Shields
  6415 | D:5      | Killed a troll
  6416 | D:5      | Reached skill level 5 in Axes
  6416 | D:5      | Reached XP level 8. HP: 52/52 MP: 8/8
  6774 | D:6      | Found a sacrificial altar of Ru.
  6793 | D:6      | Reached ** piety under Okawaru
  6794 | D:6      | Reached skill level 7 in Fighting
  7359 | D:6      | Reached skill level 1 in Invocations
  7431 | D:6      | Noticed a wraith
  7442 | D:6      | Noticed a two-headed ogre
  7460 | D:6      | Killed a wraith
  7744 | D:7      | Reached XP level 9. HP: 58/58 MP: 10/10
  7802 | D:7      | Found a staircase to the Ecumenical Temple.
  7842 | D:7      | Noticed Menkaure
  7846 | D:7      | Killed Menkaure
  8245 | D:7      | Reached skill level 8 in Fighting
  8361 | D:7      | Reached *** piety under Okawaru
  9076 | D:7      | Received a gift from Okawaru
 10513 | D:8      | Reached skill level 9 in Fighting
 10557 | D:8      | Reached XP level 10. HP: 61/66 MP: 12/12
 10657 | D:8      | Reached **** piety under Okawaru
 11230 | D:9      | Noticed a two-headed ogre
 11583 | D:9      | Found a blossoming altar of Fedhas.
 11638 | D:9      | Killed a two-headed ogre
 11772 | D:9      | Noticed a two-headed ogre
 11783 | D:9      | Killed a two-headed ogre
 11783 | D:9      | Reached ***** piety under Okawaru
 11784 | D:9      | Reached skill level 10 in Fighting
 11784 | D:9      | Reached skill level 5 in Invocations
 11797 | D:9      | Identified the +3 ring mail "Olidacog" {Will+ Regen+}
 12026 | D:9      | Found Parecw's Weapon Shoppe.
 12046 | D:9      | Identified a scroll of acquirement
 12047 | D:9      | Acquired 495 gold pieces
 12194 | D:10     | Entered Level 10 of the Dungeon
 12236 | D:10     | Noticed a death yak
 12237 | D:10     | Found a staircase to the Lair.
 12263 | D:10     | Noticed a death yak
 12384 | D:10     | Found a snail-covered altar of Cheibriados.
 12458 | D:10     | Reached XP level 11. HP: 68/73 MP: 14/14
 12794 | D:10     | Noticed a death yak
 12846 | D:10     | Killed a death yak
 13101 | D:10     | Noticed Urug
 13169 | D:10     | Killed Urug
 13427 | D:11     | Noticed Maurice
 13435 | D:11     | Killed Maurice
 13487 | D:11     | Noticed Grum
 13509 | D:11     | Killed Grum
 13549 | D:11     | Found a flickering gateway to a bazaar.
 13564 | Bazaar   | Entered a bazaar
 13586 | Bazaar   | Found Capsyukh's Distillery.
 13589 | Bazaar   | Found Byly's General Store.
 13596 | Bazaar   | Found Raetatu's Armour Boutique.
 13600 | Bazaar   | Found Regg's Antique Armour Shoppe.
 13607 | Bazaar   | Found Ymodagaone's Antique Weapon Shop.
 13673 | Bazaar   | Bought a +1 tower shield of protection for 165 gold pieces
 13673 | Bazaar   | Bought the +7 plate armour of Wakebb {Dex+2} for 692 gold
                  | pieces
 13700 | Bazaar   | Bought a scroll of teleportation for 24 gold pieces
 13700 | Bazaar   | Bought a scroll of fear for 28 gold pieces
 13700 | Bazaar   | Bought a scroll of magic mapping for 28 gold pieces
 13700 | Bazaar   | Bought a potion of resistance for 80 gold pieces
 13706 | Bazaar   | Bought a potion of heal wounds for 45 gold pieces
 13706 | Bazaar   | Bought a potion of heal wounds for 45 gold pieces
 13706 | Bazaar   | Bought a potion of mutation for 72 gold pieces
 13835 | D:11     | Reached skill level 11 in Fighting
 13985 | D:11     | Received a gift from Okawaru
 14091 | D:11     | Noticed a cyclops
 14092 | D:11     | Noticed a green ugly thing
 14096 | D:11     | Killed a cyclops
 14117 | D:11     | Killed a green ugly thing
 14157 | D:11     | Noticed a manticore
 14168 | D:11     | Killed a manticore
 14443 | D:12     | Noticed Josephine
 14446 | D:12     | Noticed a two-headed ogre
 14462 | D:12     | Killed a two-headed ogre
 14465 | D:12     | Killed Josephine
 14466 | D:12     | Reached XP level 12. HP: 73/80 MP: 16/16
 14659 | D:12     | Found a staircase to the Orcish Mines.
 14814 | D:12     | Reached skill level 10 in Axes
 15053 | D:12     | Reached skill level 12 in Fighting
 15179 | D:12     | Noticed Jorgrun
 15471 | D:12     | Identified the +6 longbow of Conformity {vorpal, rElec rN+
                  | Str-2} (Okawaru gifted it to you on level 12 of the
                  | Dungeon)
 15471 | D:12     | Received a gift from Okawaru
 15664 | D:12     | Identified the +4 plate armour "Uwnocagh" {rF+ rC+ Int+4
                  | Dex-4}
 15910 | D:13     | Noticed a two-headed ogre
 15919 | D:13     | Reached ****** piety under Okawaru
 15919 | D:13     | Noticed a two-headed ogre
 15919 | D:13     | Noticed an ogre mage
 15940 | D:13     | Killed a two-headed ogre
 16093 | D:13     | Noticed a two-headed ogre
 16103 | D:12     | Killed a two-headed ogre
 16211 | D:13     | Killed a two-headed ogre
 16245 | D:13     | Paralysed by something for 3 turns
 16256 | D:13     | Killed an ogre mage
 16282 | D:13     | Noticed a centaur warrior
 16291 | D:13     | Killed a centaur warrior
 16291 | D:13     | Received a gift from Okawaru
 16770 | D:13     | Reached XP level 13. HP: 80/87 MP: 18/18
 17595 | D:13     | Reached skill level 13 in Fighting
 17982 | D:13     | Reached skill level 10 in Shields
 18447 | D:14     | Reached skill level 10 in Armour
 18626 | D:14     | Identified the +1 cloak of Sloth {rPois Str+4} (Okawaru
                  | gifted it to you on level 14 of the Dungeon)
 18626 | D:14     | Received a gift from Okawaru
 18750 | D:14     | Noticed a blizzard demon
 18751 | D:14     | Noticed Qymaymp's ghost (adept GrEE)
 19130 | D:14     | Cast into level 2 of the Abyss (a wizard)
 19186 | Abyss:2  | Killed a lorocyproca
 19331 | Abyss:2  | HP: 1/88 [crystal wall collision (6)]
 19339 | Abyss:2  | Killed from afar by a smoke demon

Illustrated notes

Levels and vault maps discovered:
D:1:      saegor_arrival_simple_c, layout_basic,
          chequers_ecumenical_altar_simple_redux
D:2:      layout_rooms, serial_shops, nicolae_shop_crystal, basic_altar
D:3:      layout_rooms, mainiacjoe_overflow_catwalk, corexii_shack
D:4:      layout_rooms, minitemple, mainiacjoe_overflow_brackets,
          minmay_close_crescents
D:5:      layout_basic, nemelex_diamond_rough_becter, minmay_misc_feat_doors
D:6:      layout_loops_cross, nicolae_ru_awakened_eye, serial_shops,
          nicolae_diamond_shop
D:7:      layout_basic, minmay_temple_entry_stoned_glass, uniq_menkaure
D:8:      layout_cave_pods
D:9:      layout_big_octagon, fedhas_ov_isle_minmay, serial_shops,
          nicolae_shop_waterfront
D:10:     layout_layer_cave, slow_altar_2, dpeg_lair_monsters, uniq_urug
D:11:     layout_roguey, serial_shops, bzr_entry_customers, uniq_grum,
          uniq_maurice
D:12:     layout_roguey, zombieorc1_lemuel, uniq_jorgrun, uniq_josephine
D:13:     layout_basic, serial_glass, glass_columns_c, glass_columns_a, pond
D:14:     layout_loops_ring, david_vaults_1, nzn_wu_jian_contemplation,
          gammafunk_ghost_icy
Abyss:2:  base: D:11, evilmike_abyss_exit_12

Skill      XL: |  1  2  3  4  5  6  7  8  9 10 11 12 13 |
---------------+----------------------------------------+-----
Axes           | 2 3 4 5 6 7 8 9 10 11 | 11.3
Fighting       | 4 5 6 7 9 10 11 12 13 | 13.4
Armour         | 4 5 6 7 8 9 10 | 10.1
Shields        | 4 5 6 7 8 9 10 | 10.1
Invocations    | 1 3 5 6 7 8 |  8.4

Action                   |  1- 3 |  4- 6 |  7- 9 | 10-12 | 13-15 || total
-------------------------+-------+-------+-------+-------+-------++-------
Melee: War axe           |    89 |   199 |   415 |   242 |       ||   945
       Broad axe         |       |       |       |   353 |   150 ||   503
 Fire: Hunting sling     |       |     3 |       |       |       ||     3
Throw: Dart              |       |       |     8 |    12 |       ||    20
Invok: Heroism           |       |       |       |     3 |     1 ||     4
Evoke: Wand              |       |     2 |     5 |    19 |       ||    26
  Use: Potion            |       |     1 |     2 |     3 |     1 ||     7
       Scroll            |       |       |       |    18 |     1 ||    19
Armor: Scale mail        |    61 |   113 |   169 |       |       ||   343
       Plate armour      |       |       |    75 |   427 |   209 ||   711
       Ring mail         |       |       |       |   117 |       ||   117
Dodge: Dodged            |    23 |    37 |    62 |   126 |    43 ||   291
Block: Kite shield       |    17 |       |       |       |       ||    17
       Tower shield      |    69 |   188 |   430 |   771 |   277 ||  1735
